AoeStats
← darador86

Black Forest

510923493Analyzed
4v4 RM · 9h ago on Oct 3, 2026· 50m 14s· 8 players
Game mode
Random Map
Map size
Large (8 player)
Population
200
Speed
Normal
Resources
Standard
Victory
Conquest
Starting age
Dark Age
Ending age
Imperial Age
RankedLock teamsTeams togetherTeam positionsShared explorationLock speedFull tech treeHidden civsTurbo modeCheats
Victory
Defeat
🇨🇱 Franks · Chile
774
+13
773
+13
🇨🇳 Mongols · China
746
+14
🇷🇺 Celts · Russia
743
+14
🇺🇸 Turks · United States
796
-17
🇧🇷 Franks · Brazil
728
-14
🇦🇷 Huns · Argentina
697
-13
🇧🇷 Persians · Brazil
622
-10
ZLinzzz
16:13 Feudal Age
17:20 Horse Collar
17:30 Double-Bit Axe
24:14 Castle Age
22:12 Gold Mining
22:14 Stone Mining
23:03 Wheelbarrow
25:59 Bow Saw
26:34 Wheelbarrow
30:49 Hand Cart
32:55 Heavy Plow
37:51 Imperial Age
36:14 Loom
36:58 Caravan
37:42 Nomads
38:57 Conscription
37:58 Elite Mangudai
39:00 Drill
41:26 Hoardings
43:03 Onager
43:05 Capped Ram
43:51 Siege Ram
43:54 Heavy Scorpion
45:03 Forging
44:54 Scale Mail Armor
44:59 Scale Barding Armor
44:45 Fletching
44:55 Padded Archer Armor
44:45 Fletching
44:56 Padded Archer Armor
45:11 Forging
45:09 Scale Barding Armor
45:07 Scale Mail Armor
45:37 Siege Onager
Kevinsitoland
0:35 Loom
16:28 Feudal Age
19:59 Wheelbarrow
19:19 Double-Bit Axe
25:32 Castle Age
23:47 Forging
23:48 Scale Barding Armor
29:19 Bow Saw
33:03 Gold Mining
33:36 Chain Barding Armor
33:52 Iron Casting
34:37 Gold Shaft Mining
33:54 Stone Mining
38:05 Imperial Age
36:00 Hand Cart
39:13 Chivalry
38:35 Elite Throwing Axeman
40:28 Blast Furnace
40:04 Plate Barding Armor
41:13 Cavalier
41:55 Husbandry
42:16 Fortified Wall
42:27 Ballistics
43:08 Chemistry
43:12 Paladin
43:38 Pikeman
44:22 Squires
44:13 Arson
50:28 Caravan
קhaŋt0m קaiŋ O.o°
0:44 Loom
17:09 Feudal Age
18:03 Horse Collar
18:11 Double-Bit Axe
18:59 Gold Mining
19:01 Stone Mining
26:09 Castle Age
25:20 Wheelbarrow
28:22 Bow Saw
28:06 Crossbowman
31:29 Gold Shaft Mining
31:06 Fletching
31:16 Padded Archer Armor
34:12 Bodkin Arrow
34:22 Caravan
37:04 Imperial Age
34:54 Hand Cart
35:22 Leather Archer Armor
36:25 Ballistics
37:34 Heavy Plow
37:15 Arbalester
37:58 Bracer
38:29 Ring Archer Armor
39:33 Chemistry
40:10 Conscription
40:12 Fortified Wall
40:15 Masonry
42:13 Yeomen
45:23 Treadmill Crane
49:07 Architecture
twitch@KSroido
0:27 Loom
16:30 Feudal Age
17:46 Town Watch
22:23 Castle Age
21:59 Double-Bit Axe
22:19 Gold Mining
24:24 Wheelbarrow
24:03 Pikeman
27:49 Town Patrol
30:30 Husbandry
37:58 Wheelbarrow
40:01 Forging
44:58 Fletching
45:02 Horse Collar
45:54 Bow Saw
45:51 Stronghold
46:34 Heavy Plow
47:58 Hand Cart
53:06 Imperial Age
MousePuddles
0:28 Loom
lula2026
0:29 Loom
16:30 Feudal Age
17:08 Horse Collar
20:34 Town Watch
24:55 Castle Age
25:52 Gold Mining
28:57 Stone Mining
41:17 Double-Bit Axe
41:48 Heavy Plow
43:26 Wheelbarrow
49:45 Pikeman
Zhukov
1:05 Loom
18:55 Feudal Age
23:28 Castle Age
29:26 Caravan
42:13 Wheelbarrow
41:24 Town Watch
47:02 Imperial Age
47:11 Imperial Age
47:57 Elite Throwing Axeman
49:27 Husbandry
darador86
13:38 Feudal Age
14:12 Horse Collar
14:19 Double-Bit Axe
18:31 Gold Mining
18:34 Stone Mining
20:48 Castle Age
20:45 Wheelbarrow
19:55 Town Watch
22:04 Caravan
22:13 Padded Archer Armor
22:21 Scale Barding Armor
23:49 Town Patrol
25:09 Gold Shaft Mining
24:39 Heavy Plow
26:17 Hand Cart
28:07 Bow Saw
30:04 Marauders
34:34 Imperial Age
32:31 Squires
36:05 Husbandry
36:17 Bloodlines
37:48 Forging
37:39 Scale Mail Armor
37:31 Fletching
38:48 Parthian Tactics
38:17 Pikeman
39:36 Halberdier
43:27 Ballistics
43:03 Murder Holes
44:08 Chemistry
43:20 Masonry
Connection lost

Rejoining the realm…

Still unreachable

The connection could not be restored.

Session expired

The server has moved on; the page needs a fresh start.